 Dungeon Crawl Stone Soup version 0.31-a0-246-g8cbcc1cb85 (webtiles) character file.

Game seed: 10820510037438297515

161 freelancePsychic the Chopper (level 5, 0/47 HPs)
             Began as a Ghoul Berserker on July 12, 2023.
             Was a Believer of Trog.
             Slain by Sigmund
             ... wielding a +0 scythe
              (6 damage)
             ... on level 3 of the Dungeon.
             The game lasted 00:02:39 (1603 turns).

freelancePsychic the Chopper (Ghoul Berserker)      Turns: 1603, Time: 00:02:40

Health: 0/47       AC:  9    Str: 20    XL:     5   Next: 42%
Magic:  4/4        EV: 16    Int:  5    God:    Trog [**....]
Gold:   84         SH:  0    Dex:  8    Spells: 4/4 levels left

rFire   . . .        a - +0 hand axe
rCold   + . .        (no shield)
rNeg    + + +        e - +0 ring mail
rPois   ∞            c - +0 helmet
rElec   .            d - +2 cloak
rCorr   .            (no gloves)
SInv    .            (no boots)
Will    .....        (no amulet) Stlth
                     f - +5 ring of evasion
HPRegen 0.00/turn    (no ring)
MPRegen 0.09/turn

%: no passive effects
@: inhibited regen
A: claws 1, cold resistance 1, negative energy resistance 3, inhibited
regeneration, torment resistance 2, devour on kill
a: Renounce Religion, Trog's Hand


You were on level 3 of the Dungeon.
You worshipped Trog.
Trog was pleased with you.
You visited 1 branch of the dungeon, and saw 3 of its levels.

You collected 84 gold pieces.

Inventory:

Hand Weapons
 a - a +0 hand axe (weapon)
Armour
 b - a +0 animal skin
 c - a +0 helmet (worn)
 d - a +2 cloak (worn)
 e - a +0 ring mail (worn)
Jewellery
 f - a +5 ring of evasion (left claw)
 h - a ring of see invisible
 k - a +5 ring of evasion
 m - an amulet of reflection
Wands
 i - a wand of charming (12)
Scrolls
 j - a scroll of torment
 l - a scroll of brand weapon {unknown}
Potions
 g - a potion of attraction {unknown}
 n - a potion of degeneration {unknown}


   Skills:
 + Level 4.6 Fighting
 * Level 4.6 Axes
 - Level 1.7 Armour
 - Level 1.7 Dodging


You had 4 spell levels left.
You didn't know any spells.
Your spell library was empty.

Dungeon Overview and Level Annotations

Branches:
Dungeon (3/15)

Altars:

Shops:
D:1 *

Annotations:
D:3 Sigmund


Innate Abilities, Weirdness & Mutations

You are immune to poison.
You have sharp fingernails.
Your flesh is cold resistant. (rC+)
You are immune to negative energy. (rN+++)
You do not regenerate when monsters are visible.
You are immune to unholy pain and torment.
You thrive by killing the living.


Message History

You hit the orc but do no damage.
The orc is heavily wounded.
The orc barely misses you. Something barely misses you.
You closely miss the orc.
The orc is heavily wounded.
The orc barely misses you. Something hits you.
You hit the orc.
You kill the orc!
Trog accepts your kill.
You hit something.
You feel the effects of Trog's Hand fading.
Something hits you but does no damage. x2
You closely miss something. Something hits you but does no damage.
Something completely misses you.
You hit something. Your claw misses something. Something barely misses you.
You closely miss something. Something hits you but does no damage.
Something barely misses you.
You hit something but do no damage. Something barely misses you.
Something hits you!
You hit something but do no damage. Something hits you but does no damage.
You hit something.
Your skin stops crawling.
You feel less strong-willed. Something hits you but does no damage.
Something hits you.
You closely miss something. Something hits you but does no damage.
Something hits you!
* * * LOW HITPOINT WARNING * * *
You hit something but do no damage. Something barely misses you.
You hit something but do no damage.
You hear some strange, mumbled words.
A magic dart appears from out of thin air!
The magic dart hits you.
* * * LOW HITPOINT WARNING * * *
You hear some strange, mumbled words.
You barely miss something. Something hits you.
* * * LOW HITPOINT WARNING * * *
A magic dart appears from out of thin air!
The magic dart hits something.
Reactivating autopickup.
You feel a bit more experienced. Something hits you.
You die...

... # ... ####.#.#
...######## [...#.#
#........# ######....#
#........# ........#
#........# .#####)o#
#........# >.....{.#
#........# #.###.#o#
#........#
...#@#######........#
#####.#.....#.......))
#...◑..#.#........#
####.#.#..........#
........#.#.####+#+###
#########.#.# #.###
..# ###


You could see 2 orcs.

Vanquished Creatures
  Jessica (D:2)
  Robin (D:1)
  4 gnolls
  3 adders (D:2)
  A worm (D:2)
  2 dart slugs (D:1)
  2 orcs (D:3)
  2 bats
  11 endoplasms
  A giant cockroach (D:2)
  11 goblins
  2 hobgoblins (D:2)
  A quokka (D:2)
  3 ball pythons
  3 frilled lizards
  3 kobolds
  2 rats
53 creatures vanquished.

Vanquished Creatures (others)
  An orc wizard (D:3)
1 creature vanquished.

Grand Total: 54 creatures vanquished

Notes
Turn   | Place    | Note
-------+----------+-------------------------------------------
     0 | D:1      | freelancePsychic the Ghoul Berserker began the quest for
                  | the Orb.
     0 | D:1      | Reached XP level 1. HP: 19/19 MP: 0/0
   107 | D:1      | Found Miah's General Store.
   161 | D:1      | Reached XP level 2. HP: 20/26 MP: 1/1
   759 | D:2      | Noticed Robin
   767 | D:1      | Reached XP level 3. HP: 25/33 MP: 2/2
   767 | D:1      | Killed Robin
   803 | D:2      | Reached ** piety under Trog
   880 | D:2      | Noticed Jessica
   892 | D:2      | Killed Jessica
   893 | D:2      | Reached XP level 4. HP: 40/40 MP: 3/3
  1337 | D:2      | Reached XP level 5. HP: 47/47 MP: 4/4
  1572 | D:3      | Noticed Sigmund
  1603 | D:3      | Slain by Sigmund

Illustrated notes

Levels and vault maps discovered:
D:1:      eino_arrival_water_cross, layout_loops_cross, serial_rivers,
          chequers_serial_rivers_micro_b, chequers_serial_rivers_micro_d,
          chequers_serial_rivers_small_b, chequers_serial_rivers_micro_a,
          serial_shops, nicolae_shop_crystal
D:2:      layout_loops_ring, uniq_robin, uniq_jessica
D:3:      layout_basic, nicolae_ecumenical_snake_handling, uniq_sigmund,
          uniq_terence

Skill      XL: |  1  2  3 |
---------------+----------+-----
Axes           | 3 4 |  4.6
Fighting       | 4 |  4.6
Armour         | |  1.7
Dodging        | |  1.7

Action                     |  1- 3 |  4- 6 || total
---------------------------+-------+-------++-------
  Melee: Hand axe          |    59 |   147 ||   206
         Punch             |     1 |       ||     1
 Invoke: Trog's Hand       |       |     1 ||     1
    Use: Scroll            |     2 |     2 ||     4
 Armour: Animal skin       |     7 |       ||     7
         Ring mail         |    14 |    52 ||    66
  Dodge: Dodged            |    43 |   119 ||   162

Table legend: (Time is in decaauts)
 A = Elapsed time spent in this place.
 B = Non-inter-level travel time spent in this place.
 C = Inter-level travel time spent in this place.
 D = Time resting spent in this place.
 E = Time spent auto-exploring this place.
 F = Levels seen in this place.
 G = Mean time per level.
                   A        B        C        D        E       F      G
               +--------+--------+--------+--------+--------+-----+--------+
         Total |   1634 |   1570 |     64 |     27 |   1129 |   3 |  544.7 |
       Dungeon |   1634 |   1570 |     64 |     27 |   1129 |   3 |  544.7 |
               +--------+--------+--------+--------+--------+-----+--------+

Top non-repeatable levels by time:
     D:1: 804 daAuts
     D:2: 676 daAuts
     D:3: 152 daAuts
